 Dungeon Crawl Stone Soup version 0.31-a0-983-g7b6862f502 (webtiles) character file.

Game seed: 236213217644653939

353 lunkers the Insei (level 7, 0/44 HPs)
             Began as a Meteoran Shapeshifter on Nov 2, 2023.
             Was a Believer of Dithmenos.
             Slain by a wyvern (4 damage)
             ... on level 4 of the Dungeon.
             The game lasted 00:02:27 (1540 turns).

lunkers the Insei (Meteoran Shapeshifter)           Turns: 1540, Time: 00:02:27

Health: 0/44       AC:  5    Str: 15    XL:     7   Next: 16%
Magic:  8/8        EV: 11    Int: 13    God:    Dithmenos [**....]
Gold:   180        SH:  0    Dex: 21    Spells: 6/6 levels left

rFire   . .          .
                       - Unarmed
rCold   . . .        (shield currently unavailable)
rNeg    . . .        i - +0 ring mail
rPois   .            (no helmet)
rElec   .            (no cloak)
rCorr   .            (no gloves)
SInv    .            (no boots)
Will    .....        (no amulet)
Stlth   +            m - ring of flight
HPRegen 0.27/turn    l - +6 ring of dexterity
MPRegen 0.11/turn

%: no passive effects
@: flux-form, flying, glowing
A: glow, contaminating, reduced hp, sense surroundings 1, otherworldly, glowing,
explore regen
a: Begin Untransformation, Renounce Religion, Shadow Step


You were on level 4 of the Dungeon.
You worshipped Dithmenos.
Dithmenos was pleased with you.
You were something dangerously unstable.
You visited 1 branch of the dungeon, and saw 4 of its levels.

You collected 180 gold pieces.

Inventory:

Armour
 a - a +0 animal skin
 i - a +0 ring mail (worn)
 q - a +0 cloak
Jewellery
 l - a +6 ring of dexterity (right hand)
 m - a ring of flight (left hand)
 r - an amulet of guardian spirit
Talismans
 c - a beast talisman
 d - a flux talisman (active)
Wands
 n - a wand of paralysis (8)
Scrolls
 e - a scroll of noise {unknown}
 f - 2 scrolls of identify {unknown}
 h - a scroll of teleportation {unknown}
 j - 3 scrolls of fear {unknown}
 k - 2 scrolls of revelation {unknown}
 o - a scroll of immolation {unknown}
 p - a scroll of silence {unknown}
 s - a scroll of amnesia {unknown}
 t - a scroll of brand weapon {unknown}
Potions
 b - a potion of lignification
 g - a potion of ambrosia {unknown}


   Skills:
 - Level 1.1 Fighting
 - Level 2.1 Dodging
 * Level 7.4 Unarmed Combat
 + Level 5.5 Shapeshifting


You had 6 spell levels left.
You didn't know any spells.
Your spell library contained the following spells:

 Spells                   Type           Power      Damage    Failure   Level
 Dazzling Flash           Conj/Hex       0%         N/A       88%         3
 Agony                    Necr           0%         N/A       100%        5
 Silence                  Hex/Air        0%         N/A       100%        5


Dungeon Overview and Level Annotations

Branches:
Dungeon (4/15) Zot: 878
 Temple: D:4-7

Altars:
Cheibriados
Dithmenos
Gozag
Kikubaaqudgha

Shops:
D:4 *


Innate Abilities, Weirdness & Mutations

You are something dangerously unstable.
You glow with magical radiation, making you easy to see and hit.
Foes you strike become dangerously contaminated with magical radiation.
Your maximum health is decreased, since you lack skill for your form.
You are incapable of wielding weapons or throwing items.
You passively map a small area around you.
You are easily found by Zot.
You glow in the dark.
You regain HP and MP as you explore.


Message History

Found a dagger.
A quokka is nearby!
You hit the quokka.
You kill the quokka!
Dithmenos accepts your kill.
No target in view!
You see here a quokka corpse.
You see here a +0 dagger.
Found a robe.
No target in view!
A wyvern comes into view.
The wyvern moves out of view.
No target in view!
No target in view!
No target in view!
The wyvern bites you. x2
A wyvern is nearby!
You hit the wyvern.
The wyvern begins to glow.
The wyvern is lightly wounded.
The wyvern bites you!
* * * LOW HITPOINT WARNING * * *
You hit the wyvern but do no damage.
The wyvern glows dangerously bright.
The wyvern is lightly wounded.
The wyvern bites you but does no damage.
The wyvern bites you!
* * * LOW HITPOINT WARNING * * *
You punch the wyvern!
The wyvern shudders as magic cascades through it.
The wyvern twists and deforms.
The wyvern is heavily wounded.
The wyvern bites you!
* * * LOW HITPOINT WARNING * * *
You hit the wyvern.
The wyvern begins to glow.
The wyvern is severely wounded.
The wyvern bites you but does no damage.
Unknown command.
You hit the wyvern.
The wyvern glows dangerously bright.
The wyvern is severely wounded.
The wyvern bites you.
You die...

#..........#
#.#* * , , #.
#..........#
#.. #.
#..........#
### ,#
#..........#
#.........##
#[.....##..####
,*
###+###.......#
* ##.###..### *
* #.# #.p..# *
#.# ##l#.# * ,
#. ,......,, *
## ##.#.###* *
..#.# * * * ###
. , * ## * * ,,
, ,


You could see a wyvern (heavy contam, misshapen).

Vanquished Creatures
  Grinder (D:3)
  Ijyb (D:3)
  An iguana (D:4)
  3 adders
  A white imp (D:3)
  3 worms (D:3)
  2 dart slugs
  An orc (D:2)
  2 endoplasms
  A giant cockroach (D:2)
  6 goblins
  4 hobgoblins
  7 jackals
  2 quokkas
  14 ball pythons
  10 bats
  5 frilled lizards
  6 kobolds
  2 rats
72 creatures vanquished.

Notes
Turn   | Place    | Note
-------+----------+-------------------------------------------
     0 | D:1      | lunkers the Meteoran Shapeshifter began the quest for the
                  | Orb.
     0 | D:1      | Reached XP level 1. HP: 16/16 MP: 2/2
    18 | D:1      | Reached skill level 4 in Unarmed Combat
    18 | D:1      | Reached XP level 2. HP: 15/23 MP: 3/3
   125 | D:1      | Reached XP level 3. HP: 14/28 MP: 4/4
   277 | D:1      | Found a faded altar of an unknown god.
   393 | D:1      | Prayed at the altar of an unknown god.
   393 | D:1      | Became a worshipper of Dithmenos the Shadowed
   393 | D:1      | Reached * piety under Dithmenos
   591 | D:2      | Reached XP level 4. HP: 35/35 MP: 5/5
   684 | D:2      | Reached skill level 5 in Unarmed Combat
   805 | D:2      | Found a snail-covered altar of Cheibriados.
   876 | D:3      | Noticed Ijyb
   892 | D:3      | Paralysed by Ijyb for 5 turns
   899 | D:3      | Killed Ijyb
   900 | D:3      | Reached XP level 5. HP: 12/40 MP: 6/6
   907 | D:3      | Reached ** piety under Dithmenos
  1018 | D:3      | Found an ancient bone altar of Kikubaaqudgha.
  1053 | D:3      | Reached skill level 6 in Unarmed Combat
  1119 | D:3      | Noticed Grinder
  1124 | D:3      | Killed Grinder
  1125 | D:3      | Reached skill level 7 in Unarmed Combat
  1125 | D:3      | Reached skill level 5 in Shapeshifting
  1125 | D:3      | Reached XP level 6. HP: 32/47 MP: 7/7
  1125 | D:3      | Reached XP level 7. HP: 36/52 MP: 8/8
  1379 | D:4      | Identified the +1 pair of gloves of the Will of the Gods
                  | {Dex+4}
  1404 | D:4      | Found Gozag's Platinum Reserve.
  1405 | D:4      | Found an opulent altar of Gozag.
  1533 | D:4      | Noticed a wyvern
  1540 | D:4      | Slain by a wyvern

Illustrated notes

Levels and vault maps discovered:
D:1:      spicycebolla_arrival_clurvy, layout_rooms,
          nicolae_ecumenical_snake_handling
D:2:      layout_loops_corners, basic_altar, grunt_decor_arrowhead
D:3:      layout_loops_ring, kiku_gazebo_pond_becter, lightli_sewer_entry_pipes,
          minmay_snake_closets, uniq_ijyb, uniq_grinder
D:4:      layout_basic, nicolae_gozag_zags_fifth_avenue

Skill      XL: |  1  2  3  4  5 |
---------------+----------------+-----
Unarmed Combat | 4 5 7 |  7.4
Shapeshifting  | 4 5 |  5.5
Fighting       | |  1.1
Dodging        | |  2.1

Action                     |  1- 3 |  4- 6 |  7- 9 || total
---------------------------+-------+-------+-------++-------
  Melee: Unarmed           |    73 |    80 |    25 ||   178
         Punch             |       |     7 |       ||     7
 Armour: Animal skin       |    44 |     1 |       ||    45
         Ring mail         |       |    62 |    18 ||    80
  Dodge: Dodged            |    48 |    42 |     9 ||    99
   Form: Flux              |       |       |     1 ||     1

Table legend: (Time is in decaauts)
 A = Elapsed time spent in this place.
 B = Non-inter-level travel time spent in this place.
 C = Inter-level travel time spent in this place.
 D = Time resting spent in this place.
 E = Time spent auto-exploring this place.
 F = Levels seen in this place.
 G = Mean time per level.
                   A        B        C        D        E       F      G
               +--------+--------+--------+--------+--------+-----+--------+
         Total |   1520 |   1412 |    108 |      0 |   1019 |   4 |  380.0 |
       Dungeon |   1520 |   1412 |    108 |      0 |   1019 |   4 |  380.0 |
               +--------+--------+--------+--------+--------+-----+--------+

Top non-repeatable levels by time:
     D:3: 428 daAuts
     D:2: 427 daAuts
     D:1: 403 daAuts
     D:4: 261 daAuts
